 Dungeon Crawl Stone Soup version 0.29-a0-330-g52719c12eb (webtiles) character file.

Game seed: 3955905088169476866

16 tilp the Magician (level 2, 0/23 HPs)
             Began as a Draconian Hedge Wizard on May 23, 2022.
             Slain by Terence
             ... wielding a +0 flail
              (7 damage)
             ... on level 1 of the Dungeon.
             The game lasted 00:01:35 (1368 turns).

tilp the Magician (Draconian Hedge Wizard)          Turns: 1368, Time: 00:01:35

Health: 0/23       AC:  6    Str: 12    XL:     2   Next: 37%
Magic:  4/6        EV: 12    Int: 14    God:
Gold:   49         SH:  0    Dex: 10    Spells: 3/7 levels left

rFire   . . .      SeeInvis .   b - +0 hunting sling
rCold   . . .      Faith    .   (no shield)
rNeg    . . .      Spirit   .   (body armour unavailable)
rPois   .          Reflect  .   j - +1 hat
rElec   .          Harm     .   (no cloak)
rCorr   .          Rampage  .   (no gloves)
Will    .....                   k - +0 pair of boots
Stlth   ++........              (no amulet)
HPRegen 0.07/turn               (no ring)
MPRegen 0.10/turn               (no ring)

@: brilliant, on blink cooldown
A: AC +4, unfitting armour, cold-blooded
a: no special abilities


You were on level 1 of the Dungeon.
You visited 1 branch of the dungeon, and saw 2 of its levels.

You collected 49 gold pieces.

Inventory:

Hand Weapons
 a - a +0 mace
 b - a +0 hunting sling (weapon)
Missiles
 e - 56 stones
 m - 10 poisoned darts
Armour
 j - a +1 hat (worn)
 k - a +0 pair of boots (worn)
Jewellery
 g - a ring of ice
 h - a ring of willpower
Potions
 c - a potion of magic
 d - a potion of brilliance
 n - a potion of mutation {unknown}


   Skills:
 + Level 1.2 Fighting
 - Level 2.0 Dodging
 - Level 2.0 Stealth
 - Level 3.0 Spellcasting
 + Level 1.6 Conjurations
 - Level 1.0 Summonings
 - Level 1.0 Translocations


You had 3 spell levels left.
You knew the following spells:

 Your Spells              Type           Power      Damage    Failure   Level
a - Magic Dart            Conj           36%        1d4       11%         1
b - Slow                  Hex            12%        N/A       22%         1
c - Blink                 Tloc           14%        N/A       22%         2

Your spell library contained the following spells:

 Spells                   Type           Power      Damage    Failure   Level
 Call Imp                 Summ           7%         N/A       22%         2
 Corpse Rot               Necr/Air       6%         N/A       32%         2
 Conjure Flame            Conj/Fire      6%         6-21      43%         3
 Mephitic Cloud           Conj/Pois/Air  5%         N/A       45%         3
 Dispel Undead            Necr           3%         3d7       91%         4
 Death Channel            Necr           1%         N/A       100%        6


Dungeon Overview and Level Annotations

Branches:
Dungeon (2/15)

Altars:

Annotations:
D:1 Terence


Innate Abilities, Weirdness & Mutations

Your plain brown scales are hard. (AC +4)
You cannot fit into any form of body armour.
You are cold-blooded and may be slowed by cold attacks.


Message History

There is a stone staircase leading down here.
You climb downwards.
Found 14 gold pieces.
Found an escape hatch in the floor.
There is a stone staircase leading up here.
Terence is nearby!
You shoot a sling bullet.
The sling bullet hits Terence but does no damage.
You shoot a sling bullet.
The sling bullet hits Terence but does no damage.
Terence drinks a potion.
Terence goes berserk!
You shoot a sling bullet. The sling bullet barely misses Terence.
Terence barely misses you.
You climb upwards.
There is a stone staircase leading down here.
Unknown command.
You shoot a sling bullet.
The sling bullet closely misses Terence.
Terence hits you with a +0 flail!
Ouch! That really hurt!
Terence closely misses you. Terence hits you with a +0 flail.
* * * LOW HITPOINT WARNING * * *
You are too injured to fight recklessly!
Unknown command.
You aren't carrying any scrolls.
It was a potion of brilliance.
You feel clever all of a sudden. Terence barely misses you.
Okay, then.
Casting: Magic Dart (safe; 11% risk of failure)
Confirm with . or Enter, or press ? or * to list all spells.
You feel a surge of power!
You blink.
Casting: Blink (safe; 22% risk of failure)
Confirm with . or Enter, or press ? or * to list all spells.
Aiming: Magic Dart (safe; 11% risk of failure)
Press: ? - help, Shift-Dir - straight line, f/p - Terence
Aim: Terence, wielding a +0 flail and wearing a +0 chain mail (berserk, 100% to hit)
You feel a surge of power!
The magic dart hits Terence but does no damage.
Terence hits you with a +0 flail!
You die...

.......##.##.....#....##...#..##.
#..###.##....###......##†#.#.....
#.####.....#####...#####...#.....
#.##......................##.....
.........##.....§..#.......######
#........##.................#
............................#
...#...###......@...........#
....)..###......@...........#
....##.#....................#
.##........................##
.###..##########..#.†÷......# .#
##.# #####..#.........# ## ###
#................# #
#................# #
#................#
#...............##


You could see Terence (berserk).

Vanquished Creatures
  A dart slug (D:1)
  An endoplasm (D:1)
  2 hobgoblins (D:1)
  2 kobolds (D:1)
  4 quokkas (D:1)
  A ball python (D:1)
  A rat (D:1)
12 creatures vanquished.

Notes
Turn   | Place    | Note
-------+----------+-------------------------------------------
     0 | D:1      | tilp the Draconian Hedge Wizard began the quest for the
                  | Orb.
     0 | D:1      | Reached XP level 1. HP: 14/14 MP: 4/4
   450 | D:1      | Noticed an eye of devastation
   477 | D:1      | Reached XP level 2. HP: 11/22 MP: 0/6
   897 | D:1      | Found a faded altar of an unknown god.
   899 | D:1      | Noticed a great orb of eyes
   903 | D:1      | Noticed an eye of devastation
   903 | D:1      | Noticed a great orb of eyes
  1014 | D:1      | Reached skill level 1 in Fighting
  1337 | D:1      | Learned a level 1 spell: Slow
  1340 | D:1      | Learned a level 2 spell: Blink
  1359 | D:2      | Noticed Terence
  1368 | D:1      | Slain by Terence

Illustrated notes

Levels and vault maps discovered:
D:1:      dpeg_arrival_boxorama, layout_rooms,
          hellmonk_ecumenical_altar_watching_god
D:2:      minmay_spotlight, layout_basic, mrwooster_statue_mirror, uniq_terence

Skill      XL: |  1  2 |
---------------+-------+-----
Dodging        | 2 |  2.0
Stealth        | 2 |  2.0
Fighting       | 1 |  1.2
Spellcasting   | |  3.0
Conjurations   | |  1.6
Summonings     | |  1.0
Translocations | |  1.0

Action                   || total
-------------------------++-------
Melee: Dagger            ||    47
       Tailslap          ||     3
       Mace              ||    15
       Punch             ||     1
 Fire: Hunting sling     ||    27
 Cast: Magic Dart        ||     6
       Blink             ||     1
  Use: Scroll            ||     4
       Potion            ||     1
Armor: Skin              ||    20
Dodge: Dodged            ||    59

Table legend: (Time is in decaauts)
 A = Elapsed time spent in this place.
 B = Non-inter-level travel time spent in this place.
 C = Inter-level travel time spent in this place.
 D = Time resting spent in this place.
 E = Time spent auto-exploring this place.
 F = Levels seen in this place.
 G = Mean time per level.
                   A        B        C        D        E       F      G
               +--------+--------+--------+--------+--------+-----+--------+
         Total |   1380 |   1358 |     22 |    271 |    869 |   2 |  690.0 |
       Dungeon |   1380 |   1358 |     22 |    271 |    869 |   2 |  690.0 |
               +--------+--------+--------+--------+--------+-----+--------+

Top non-repeatable levels by time:
     D:1: 1374 daAuts
     D:2: 6 daAuts
